 Dungeon Crawl Stone Soup version 0.25-a0-413-g3b4b6a4ccc (webtiles) character file.

Game seed: 12177542101563807411, levelgen mode: deterministic

3131 Epan the Geomancer (level 9, 0/73 HPs)
             Began as a Gargoyle Earth Elementalist on Jan 14, 2020.
             Slain by an orc
             ... wielding a +0 halberd
              (2 damage)
             ... in a bailey.
             The game lasted 00:25:12 (8016 turns).

Epan the Geomancer (Gargoyle Earth Elementalist)    Turns: 8016, Time: 00:25:15

Health: 0/73       AC: 12    Str: 18    XL:     9   Next: 92%
Magic:  4/19       EV: 12    Int: 20    God:
Gold:   336        SH:  0    Dex: 10    Spells: 10/21 levels left

rFire    + . .     SeeInvis .   v - +7 dire flail
rCold    . . .     Gourm    +   (shield currently unavailable)
rNeg     + + .     Faith    .   o - +2 robe {rN+}
rPois    ∞         Spirit   .   (no helmet)
rElec    +         Reflect  .   (no cloak)
rCorr    .         Harm     .   (no gloves)
MR       .....                  e - +1 pair of boots
Stlth    ..........             s - amulet of the gourmand
HPRegen  0.22/turn              p - +2 ring of strength
MPRegen  0.16/turn              y - ring of protection from fire

@: berserking, hasted, very quick
A: negative energy resistance 1, electricity resistance, unbreathing,
petrification resistance, rot immunity, AC +6
a: no special abilities


You were in a bailey.
You were completely stuffed.

You visited 1 branch of the dungeon, and saw 7 of its levels.
You also visited: Bailey.

You collected 361 gold pieces.
You spent 25 gold pieces at shops.

Inventory:

Hand Weapons
 l - a +0 morningstar
 t - a +1 dagger of venom
 v - a +7 dire flail (weapon)
Missiles
 b - 114 stones (quivered)
 g - a throwing net
Armour
 e - a +1 pair of boots (worn)
 o - a +2 robe of positive energy (worn)
Jewellery
 p - a +2 ring of strength (left hand)
 s - an amulet of the gourmand (around neck)
 y - a ring of protection from fire (right hand)
Wands
 u - a wand of polymorph (12)
Scrolls
 h - 2 scrolls of blinking
 i - 2 scrolls of remove curse
Potions
 a - a potion of brilliance
 c - a potion of might
 f - a potion of mutation {unknown}
 j - a potion of cancellation {unknown}
 m - 5 potions of curing
 n - a potion of ambrosia {unknown}
 r - a potion of haste
Comestibles
 d - 11 rations
 w - 8 chunks of flesh


   Skills:
 + Level 2.8 Fighting
 + Level 2.5 Maces & Flails
 + Level 2.8 Armour
 + Level 2.9 Dodging
 - Level 2.1 Stealth
 + Level 6.6 Spellcasting
 + Level 7.1 Conjurations
 - Level 0.7 Transmutations
 + Level 9.1 Earth Magic
 + Level 2.2 Evocations


You had 10 spell levels left.
You knew the following spells:

 Your Spells              Type           Power        Failure   Level  Hunger
a - Sandblast             Erth           #####.       1%          1    None
b - Stone Arrow           Conj/Erth      #####.       1%          3    #......
c - Lee's Rapid Deconstr  Erth           #####.....   6%          5    #####..
d - Passwall              Tmut/Erth      ####....     1%          2    None

Your spell library contained the following spells:

 Spells                   Type           Power        Failure   Level  Hunger
 Petrify                  Tmut/Erth      ####....     13%         4    ###....


Dungeon Overview and Level Annotations

Branches:
Dungeon (7/15)             Temple (0/1) D:7          Bailey (1/1)

Altars:
Makhleb

Shops:
D:7 *

Annotations:
D:6 3 runed translucent doors, Valentain's ghost, novice OpEE


Innate Abilities, Weirdness & Mutations

You are resistant to torment.
Your stone body is resilient. (AC +6)
You are immune to poison.
You resist negative energy. (rN+)
You are resistant to electric shocks. (rElec)
You can survive without breathing.
You are immune to petrification.
You are immune to rotting.


Message History

The orc warrior barely misses you.
Found two gates leading back out of this place.
Things that are here:
a bolt; an orc corpse You closely miss the orc warrior.
An orc warrior comes into view. It is wielding a +0 halberd.
The orc hits you from afar with a +0 halberd.
You miss the orc warrior.
The orc warrior shouts!
The orc warrior completely misses you.
The orc warrior shoots a bolt.
The bolt misses you.
You barely miss the orc warrior. The orc barely misses you.
The orc warrior shoots a bolt.
The bolt hits you!
You sock the orc warrior!
The orc warrior is heavily wounded.
The orc no longer looks unusually strong.
The orc warrior hits you with a +0 halberd!!!
* * * LOW HITPOINT WARNING * * *
The orc hits you from afar with a +0 halberd.
You die...

### ##∩## #.(.#
#o.@#
o≈≈....oo.≈≈o≈≈
oo≈.......≈oo.≈
≈o≈≈.......≈≈.≈≈
≈≈≈..#...#..≈≈≈.
...o##...##.....
#### ##∩## #####
##


You could see 5 orc warriors and 6 orcs.

Vanquished Creatures
  Grinder (D:5)
  Prince Ribbit (D:6)
  A wind drake (Bailey)
  A hippogriff (D:7)
  A sky beast (D:5)
  An ogre (D:6)
  2 phantoms
  An orc warrior (D:6)
  3 centaurs (D:5)
  3 bullfrogs
  8 wights (D:6)
  A howler monkey (D:5)
  2 crimson imps
  2 hounds
  2 jellies
  A bullfrog zombie (D:5)
  4 orc priests
  7 orc wizards
  Terence (D:3)
  2 iguanas
  6 worker ants
  A hound skeleton (D:6)
  6 gnolls
  9 adders
  2 shadow imps
  10 oozes
  2 adder zombies (D:5)
  An adder skeleton (D:6)
  2 dart slugs
  3 worms (D:2)
  8 leopard geckos
  26 orcs
  5 giant cockroaches
  10 goblins
  13 hobgoblins
  2 jackals (D:1)
  A quokka (D:6)
  10 bats
  8 frilled lizards
  19 kobolds
  2 quokka skeletons
  7 rats
198 creatures vanquished.

Vanquished Creatures (collateral kills)
  A goblin (D:7)
1 creature vanquished.

Vanquished Creatures (others)
  3 fungi (D:2)
  12 toadstools (D:2)
15 creatures vanquished.

Grand Total: 214 creatures vanquished

Notes
Turn   | Place    | Note
-------+----------+-------------------------------------------
     0 | D:1      | Epan the Gargoyle Earth Elementalist began the quest for
                  | the Orb.
     0 | D:1      | Reached XP level 1. HP: 10/10 MP: 3/3
   390 | D:1      | Reached skill level 4 in Earth Magic
   390 | D:1      | Reached XP level 2. HP: 13/15 MP: 5/5
  1130 | D:1      | Reached XP level 3. HP: 12/19 MP: 0/6
  1239 | D:1      | Learned a level 3 spell: Stone Arrow
  1242 | D:1      | Learned a level 2 spell: Passwall
  1867 | D:2      | Reached skill level 1 in Conjurations
  1867 | D:2      | Reached XP level 4. HP: 13/24 MP: 3/8
  2260 | D:2      | Reached skill level 5 in Earth Magic
  2442 | D:2      | Reached XP level 5. HP: 18/28 MP: 5/10
  3219 | D:3      | Learned a level 5 spell: Lee's Rapid Deconstruction
  3407 | D:3      | Noticed Terence
  3419 | D:3      | Killed Terence
  3419 | D:3      | Reached XP level 6. HP: 32/32 MP: 0/11
  4336 | D:4      | Reached skill level 6 in Earth Magic
  4677 | D:4      | Reached XP level 7. HP: 36/36 MP: 13/13
  5286 | D:5      | Entered Level 5 of the Dungeon
  5363 | D:5      | Reached skill level 7 in Earth Magic
  5547 | D:5      | Noticed Grinder
  5552 | D:5      | Killed Grinder
  5552 | D:5      | Reached skill level 5 in Spellcasting
  5552 | D:5      | Reached skill level 5 in Conjurations
  5552 | D:5      | Reached XP level 8. HP: 41/41 MP: 12/15
  6279 | D:5      | Reached skill level 8 in Earth Magic
  6351 | D:5      | Found a burning altar of Makhleb.
  6590 | D:6      | Noticed Prince Ribbit
  6835 | D:6      | Reached XP level 9. HP: 40/46 MP: 16/18
  6903 | D:6      | Reached skill level 1 in Fighting
  6903 | D:6      | Reached skill level 1 in Maces & Flails
  6903 | D:6      | Reached skill level 1 in Armour
  7244 | D:6      | Reached skill level 1 in Evocations
  7329 | D:6      | Killed Prince Ribbit
  7714 | D:6      | Found a runed translucent gate.
  7714 | D:6      | Found a runed translucent gate.
  7714 | D:6      | Found a runed translucent gate.
  7714 | D:6      | Noticed Valentain's ghost (novice OpEE)
  7848 | D:7      | Reached skill level 9 in Earth Magic
  7854 | D:7      | Found Wily's Assorted Antiques.
  7875 | D:7      | Bought a scroll labeled RAUSAQO XAOTRA for 25 gold pieces
  7992 | D:7      | Found a flagged portal.
  7999 | Bailey   | Entered a bailey
  7999 | Bailey   | Noticed an orc knight
  8002 | Bailey   | Noticed a wind drake
  8002 | Bailey   | an orc knight changed into a wind drake
  8011 | Bailey   | Killed a wind drake
  8016 | Bailey   | HP: 2/73 [orc warrior/+0 halberd (36)]
  8016 | Bailey   | Slain by an orc

Levels and vault maps discovered:
D:1:      matt_arrival_refuge, layout_loops_ring, due_unseen_surprise
D:2:      cheibrodos_fertilizer, layout_basic
D:3:      layout_basic, kennysheep_generic_room_3, uniq_terence
D:4:      layout_gridville, first_ration
D:5:      layout_basic, overflow_temple_1_default, uniq_grinder
D:6:      layout_cave_pools, ebering_ghost_rock_garden, uniq_prince_ribbit1
D:7:      layout_gridville, minmay_temple_entry_antechambers, serial_shops,
          shop, enter_bailey_3
Bailey:   bailey_polearm_4, bailey

Skill      XL: |  1  2  3  4  5  6  7  8  9 |
---------------+----------------------------+-----
Earth Magic    | 4 5 6 7 8 9 |  9.1
Conjurations   | 1 2 3 5 6 7 |  7.1
Spellcasting   | 3 4 5 6 |  6.6
Fighting       | 2 |  2.8
Maces & Flails | 2 |  2.5
Armour         | 2 |  2.8
Dodging        | 2 |  2.9
Evocations     | 2 |  2.2
Stealth        | |  2.1
Transmutations | |  0.7

Action                   |  1- 3 |  4- 6 |  7- 9 || total
-------------------------+-------+-------+-------++-------
Melee: Dagger            |   126 |   129 |    52 ||   307
       Mace              |       |   107 |   142 ||   249
       Dire flail        |       |       |    41 ||    41
 Cast: Sandblast         |    35 |    67 |    94 ||   196
       Passwall          |     2 |       |       ||     2
       Stone Arrow       |       |     1 |     9 ||    10
       Lee's Rapid Decon |       |       |     2 ||     2
Evoke: Wand              |       |     1 |     7 ||     8
  Use: Scroll            |       |     8 |    11 ||    19
       Potion            |       |       |     8 ||     8
 Stab: Sleeping          |     2 |     7 |     1 ||    10
       Distracted        |       |       |     1 ||     1
  Eat: Chunk             |     4 |    14 |    20 ||    38
Armor: Robe              |    56 |   102 |   128 ||   286
Dodge: Dodged            |    98 |   197 |   212 ||   507

Table legend:
 A = Non-vault XP
 B = Vault XP
 C = Vault XP percentage of total XP
 D = Non-vault monster count
 E = Vault monster count
 F = Vault count percentage of total count
                 A         B        C        D         E       F
            +---------+---------+-------+---------+---------+-------
      Total |    3471 |    1002 |  22.4 |     174 |      25 |  12.6
            +---------+---------+-------+---------+---------+-------
        D:1 |      44 |       0 |   0.0 |      29 |       0 |   0.0
        D:2 |     105 |     109 |  50.9 |      29 |      16 |  35.6
        D:3 |     169 |      42 |  19.9 |      29 |       3 |   9.4
        D:4 |     356 |       0 |   0.0 |      23 |       0 |   0.0
        D:5 |     840 |     286 |  25.4 |      18 |       1 |   5.3
        D:6 |    1280 |     283 |  18.1 |      34 |       1 |   2.9
        D:7 |     677 |       5 |   0.7 |      12 |       3 |  20.0
     Bailey |       0 |     277 | 100.0 |       0 |       1 | 100.0
            +---------+---------+-------+---------+---------+-------
